 Dungeon Crawl Stone Soup version 0.22-a0-265-g0d8bc90 (webtiles) character file.

42 b5mith the Skirmisher (level 3, -1/49 HPs)
             Began as a Minotaur Berserker on Mar 7, 2018.
             Was a Believer of Trog.
             Slain by a worm (2 damage)
             ... on level 2 of the Dungeon.
             The game lasted 00:02:09 (1411 turns).

b5mith the Skirmisher (Minotaur Berserker)          Turns: 1411, Time: 00:02:10

Health: -1/49      AC:  2    Str: 27    XL:     3   Next: 33%
Magic:  2/2        EV: 12    Int:  4    God:    Trog [**....]
Gold:   10         SH:  0    Dex:  9    Spells: 2/2 levels left

rFire    . . .     SeeInvis .   a - +0 falchion
rCold    . . .     Gourm    .   (no shield)
rNeg     . . .     Faith    .   b - +0 animal skin
rPois    .         Spirit   .   (helmet restricted)
rElec    .         Reflect  .   (no cloak)
rCorr    .         Harm     .   (no gloves)
MR       .....                  (no boots)
Stlth    ..........             (no amulet)
HPRegen  0.16/turn              (no ring)
MPRegen  0.08/turn              (no ring)

@: berserking, very quick
A: retaliatory headbutt, horns 2
a: Berserk, Trog's Hand, Renounce Religion


You were on level 2 of the Dungeon.
You worshipped Trog.
Trog was pleased with you.
You were very hungry.

You visited 1 branch of the dungeon, and saw 2 of its levels.

You collected 10 gold pieces.

Inventory:

Hand Weapons
 a - a +0 falchion (weapon)
Armour
 b - a +0 animal skin (worn)
Scrolls
 d - 2 scrolls of identify {unknown}
 e - a scroll of teleportation {unknown}
 g - a scroll of remove curse {unknown}
Comestibles
 c - 2 rations


   Skills:
 + Level 4.1 Fighting
 + Level 4.1 Long Blades
 + Level 3.1 Armour
 + Level 2.8 Dodging


You had 2 spell levels left.
You didn't know any spells.

Dungeon Overview and Level Annotations

Branches:
Dungeon (2/15)

Altars:


Innate Abilities, Weirdness & Mutations

You reflexively headbutt those who attack you in melee.
You have a pair of horns on your head.


Message History

Your headbutt misses the bat. The bat barely misses you.
You furiously retaliate!
You headbutt the bat.
You kill the bat!
Trog accepts your kill.
You hit the worm.
The worm is lightly wounded.
You barely miss the worm.
The worm is lightly wounded.
The worm bites you!
* * * LOW HITPOINT WARNING * * *
A red film seems to cover your vision as you go berserk!
You feel yourself moving faster!
You feel mighty!
You are feeling very hungry.
The worm closely misses you.
You completely miss the worm. You barely miss the worm.
You barely miss the worm. You headbutt the worm.
The worm is lightly wounded.
The worm bites you.
You die...

#.# #.# ##.# >.#
..# #.# #.#.#
#.#.# #@#.#
#w#.# #.#.#
##.#.# ##....#
##.<...#
#......#
#.............
>........)...###


You could see a worm.

Vanquished Creatures
  An adder (D:2)
  A dart slug (D:1)
  3 leopard geckos
  6 goblins (D:1)
  4 hobgoblins (D:1)
  5 kobolds (D:1)
  2 bats
  3 rats (D:1)
25 creatures vanquished.

Notes
Turn   | Place    | Note
-------+----------+-------------------------------------------
     0 | D:1      | b5mith the Minotaur Berserker began the quest for the Orb.
     0 | D:1      | Reached XP level 1. HP: 19/19 MP: 0/0
   382 | D:1      | Reached XP level 2. HP: 20/27 MP: 1/1
  1115 | D:1      | Reached XP level 3. HP: 33/33 MP: 2/2
  1336 | D:2      | Reached ** piety under Trog
  1407 | D:2      | HP: 1/33 [worm (9)]
  1411 | D:2      | Slain by a worm

Vault maps used:
D:1:      dpeg_arrival_circle_labyrinth_a
D:2:      old_standard_altar, first_ration, uniq_jessica

Skill      XL: |  1  2 |
---------------+-------+-----
Fighting       | 4 |  4.1
Long Blades    | 4 |  4.1
Armour         | 3 |  3.1
Dodging        | |  2.8

Action                   || total
-------------------------++-------
Melee: Falchion          ||    74
       Headbutt          ||    10
Invok: Berserk           ||     1
  Eat: Chunk             ||     1
Armor: Animal skin       ||    10
Dodge: Dodged            ||    46
       Rpst.: Falchion   ||    16

Table legend:
 A = Spawn XP
 B = Non-spawn XP
 C = Spawn XP percentage of total XP
 D = Spawn monster count
 E = Non-spawn monster count
 F = Spawn count percentage of total count
 G = Total turns spent on level
                    A         B        C        D         E        F      G
               +---------+---------+-------+---------+---------+-------+---------
         Total |       0 |      60 |   0.0 |       0 |      25 |   0.0 |  1411
               +---------+---------+-------+---------+---------+-------+---------
           D:1 |       0 |      41 |   0.0 |       0 |      22 |   0.0 |  1321
           D:2 |       0 |      19 |   0.0 |       0 |       3 |   0.0 |    90
               +---------+---------+-------+---------+---------+-------+---------
